 Dungeon Crawl Stone Soup version 0.28-a0-1213-g0243856f03 (webtiles) character file.

Game seed: 7680264405291273168

36 ytrimaz the Insei (level 3, -3/23 HPs)
             Began as an Octopode Transmuter on Dec 21, 2021.
             Slain by a worm (12 damage)
             ... on level 2 of the Dungeon.
             The game lasted 00:01:23 (1637 turns).

ytrimaz the Insei (Octopode Transmuter)             Turns: 1637, Time: 00:01:24

Health: -3/23      AC:  1    Str:  9    XL:     3   Next: 37%
Magic:  6/6        EV: 13    Int: 17    God:
Gold:   76         SH:  0    Dex: 12    Spells: 0/6 levels left

rFire   . . .      SeeInvis .     - Unarmed
rCold   . . .      Faith    .   (no shield)
rNeg    . . .      Spirit   .   (helmet currently unavailable)
rPois   .          Reflect  .   (no amulet)
rElec   .          Harm     .   (no ring)
rCorr   .          Rampage  .   (no ring)
Will    .....                   (no ring)
Stlth   ++........              (no ring)
HPRegen 0.07/turn               (no ring)
MPRegen 0.10/turn               (no ring)
                                (no ring)
                                (no ring)

@: appendages (expiring)
A: tentacle spike 3, almost no armour, amphibious, 8 rings, camouflage 1,
gelatinous body 1, (nimble swimmer 1), tentacles
a: End Transformation


You were on level 2 of the Dungeon.
One of your tentacles had grown a beastly spike.
You visited 1 branch of the dungeon, and saw 2 of its levels.

You collected 76 gold pieces.

Inventory:

Scrolls
 a - a scroll of teleportation
 b - a scroll of fear
Potions
 d - a potion of curing {unknown}


   Skills:
 * Level 1.5 Fighting
 * Level 2.3 Dodging
 + Level 3.3 Unarmed Combat
 * Level 2.3 Spellcasting
 * Level 2.3 Transmutations


You couldn't memorise any spells.
You knew the following spells:

 Your Spells              Type           Power      Damage    Failure   Level
a - Beastly Appendage     Tmut           20%        N/A       7%          1
b - Wereblood             Tmut           10%        N/A       11%         2
c - Spider Form           Tmut/Pois      6%         N/A       34%         3

Your spell library contained the following spells:

 Spells                   Type           Power      Damage    Failure   Level
 Ignite Poison            Fire/Tmut/Pois 4%         N/A       38%         3
 Mephitic Cloud           Conj/Pois/Air  2%         N/A       50%         3
 Ice Form                 Ice/Tmut       6%         N/A       75%         4
 Freezing Cloud           Conj/Ice/Air   1%         6-21      99%         5


Dungeon Overview and Level Annotations

Branches:
Dungeon (2/15)

Altars:

Shops:
D:1 !((


Innate Abilities, Weirdness & Mutations

One of your tentacles has grown a beastly spike.
You cannot wear most types of armour.
You are amphibious.
You can wear up to eight rings at the same time.
Your skin changes colour to match your surroundings (Stealth+).
Your rubbery body absorbs attacks. (AC +1, EV +1)
((You are camouflaged when in or above water. (Stealth+)))
You have tentacles for arms and can constrict up to eight enemies at once.


Message History

Found 12 arrows, a scroll labelled QIBRAS QOIF and 19 stones.
You completely miss the dart slug. You grab the dart slug.
You constrict the dart slug. The dart slug launches a dart at you.
The slug dart hits you.
You tentacle-slap the dart slug. You squeeze the dart slug.
The dart slug is severely wounded.
You constrict the dart slug. The dart slug launches a dart at you.
The slug dart hits you.
You tentacle-slap the dart slug.
You kill the dart slug!
Your transformation is almost over.
A ball python comes into view.
Found a scroll labelled UTAQAF DIVADEF.
You see here 12 arrows.
You see here a scroll labelled QIBRAS QOIF.
You see here 19 stones.
A worm comes into view.
The helpless ball python fails to defend itself.
You tentacle-slap the ball python. Your grab misses the ball python.
The ball python is moderately wounded.
The ball python bites you. The ball python closely misses you.
You barely miss the ball python. Your grab misses the ball python.
You squeeze the ball python.
The ball python is severely wounded.
The ball python closely misses you. The ball python grabs you.
The ball python constricts you. The ball python bites you.
The ball python constricts you.
You are too injured to fight recklessly!
You are too injured to fight recklessly!
You are too injured to fight recklessly!
You tentacle-slap the ball python.
You kill the ball python!
Unknown command.
You tentacle-slap the worm. You grab the worm. You squeeze the worm.
The worm is moderately wounded.
You constrict the worm. The worm bites you!
Ouch! That really hurt!
You die...

#.#.###.##.###≈PP≈P≈P.#
#.#...#.##.##≈≈P≈≈≈PP.#
####''####.##.≈≈≈≈≈≈.##
#..†.....#.##≈P♣≈♣♣≈.P#
#........#.#P.≈≈≈♣≈≈≈P#
#...♣♣♣..#..≈≈♣♣♣≈♣♣≈P.
#..♣(?♣..#.≈.≈♣≈P≈≈≈ PP
#..♣?(♣..#.≈P≈♣P≈≈.≈≈
#..♣♣♣@..##.P≈≈≈≈P#P≈
#....w...##.≈♣P≈#.# #.#
#........#.≈P≈..# #.#
..####++####.≈♣≈P.#
#.##.... .. #.P≈≈P.#
#.##...# #.# #.P≈≈≈.#
#.#....# #^# #..≈≈#.#
#(#..#.# #.# #...##.#
#.#..#.####.#+###.###.#


You could see a worm.

Vanquished Creatures
  2 dart slugs
  4 ball pythons
  4 bats
  3 endoplasms
  A giant cockroach (D:1)
  A goblin (D:1)
  4 hobgoblins
  5 quokkas (D:1)
  A rat (D:2)
25 creatures vanquished.

Vanquished Creatures (others)
  16 plants (D:2)
16 creatures vanquished.

Grand Total: 41 creatures vanquished

Notes
Turn   | Place    | Note
-------+----------+-------------------------------------------
     0 | D:1      | ytrimaz the Octopode Transmuter began the quest for the
                  | Orb.
     0 | D:1      | Reached XP level 1. HP: 13/13 MP: 3/3
   136 | D:1      | Reached XP level 2. HP: 18/18 MP: 3/5
   397 | D:1      | Found Ippejim's Weapon Shoppe.
   419 | D:1      | Found Ogrow's Weapon Shoppe.
   471 | D:1      | Found Igeju's Distillery.
  1052 | D:1      | Reached XP level 3. HP: 23/23 MP: 4/6
  1055 | D:1      | Learned a level 2 spell: Wereblood
  1059 | D:1      | Learned a level 3 spell: Spider Form
  1637 | D:2      | Slain by a worm

Illustrated notes

Levels and vault maps discovered:
D:1:      dpeg_arrival_leaves_temple_mockup, layout_loops_corners, serial_shops,
          nicolae_shop_crystal, nicolae_shop_competitors_out_of_business,
          nicolae_diamond_shop, minivault_25, nrook_campfire
D:2:      layout_basic, serial_shops, nicolae_shop_stone, serial_bayou_lagoon_a,
          fountainhead, kennysheep_generic_room_7

Action                   || total
-------------------------++-------
Melee: Unarmed           ||    61
       Constrict         ||    15
       Kick              ||     8
       Tentacles         ||     7
 Cast: Beastly Appendage ||    18
  Use: Scroll            ||     4
 Stab: Sleeping          ||     6
Armor: Skin              ||     6
Dodge: Dodged            ||    44

Table legend: (Time is in decaauts)
 A = Elapsed time spent in this place.
 B = Non-inter-level travel time spent in this place.
 C = Inter-level travel time spent in this place.
 D = Time resting spent in this place.
 E = Time spent auto-exploring this place.
 F = Levels seen in this place.
 G = Mean time per level.
                   A        B        C        D        E       F      G
               +--------+--------+--------+--------+--------+-----+--------+
         Total |   1633 |   1600 |     33 |      0 |   1357 |   2 |  816.5 |
       Dungeon |   1633 |   1600 |     33 |      0 |   1357 |   2 |  816.5 |
               +--------+--------+--------+--------+--------+-----+--------+

Top non-repeatable levels by time:
     D:1: 1326 daAuts
     D:2: 306 daAuts
